TOP OF THE 1ST |
Greeneville Astros batting - Pitching for Baltimore (APP) Orioles : RHP Bob Bychyk
|
Pitching: RHP Bob Bychyk
|
|
Batting: RHB Jarno van Lente
|
0-0: Ball 1-0: Called Strike 1-1: Ball 2-1: Foul Ball, location: 2F 2-2: Strikes out swinging
|
Batting: RHB Keith Goodwin
|
0-0: Ground out 5-3 (Groundball, 56, EV 83.8 MPH)
|
Batting: RHB Hugo Priego
|
0-0: Ground out 5-3 (Groundball, 5, EV 91.2 MPH)
|
Top of the 1st over - 0 runs, 0 hits, 0 errors, 0 left on base; Greeneville 0 - Baltimore (APP) 0 |
BOTTOM OF THE 1ST |
Baltimore (APP) Orioles batting - Pitching for Greeneville Astros : RHP James Browning
|
Pitching: RHP James Browning
|
|
Batting: RHB Ruben Domingues
|
0-0: Called Strike 0-1: Foul Ball, location: 2F 0-2: Strikes out looking
|
Batting: RHB Minoru Matsumoto
|
0-0: Swinging Strike 0-1: Foul Ball, location: 2F 0-2: SINGLE (Groundball, 5S, EV 68.1 MPH) (infield hit)
|
Batting: LHB Jeremy Nuzzo
|
0-0: Ball 1-0: DOUBLE (Line Drive, 7LM, EV 105.6 MPH) Minoru Matsumoto to third Runner from 3rd tries for Home, SAFE, throw by LF to trailing runner, OUT at third! 7-3-5
|
Batting: SHB Eric Kelley
|
0-0: Fly out, F7 (Flyball, 7, EV 92.5 MPH)
|
Bottom of the 1st over - 1 run, 2 hits, 0 errors, 0 left on base; Greeneville 0 - Baltimore (APP) 1 |
TOP OF THE 2ND |
Greeneville Astros batting - Pitching for Baltimore (APP) Orioles : RHP Bob Bychyk
|
Batting: RHB John Moore
|
0-0: Ball 1-0: Ball 2-0: Ball 3-0: Called Strike 3-1: Foul Ball, location: 2F 3-2: Base on Balls
|
Batting: LHB Ryan Fridley
|
0-0: Ball 1-0: Ball 2-0: Ball 3-0: Called Strike 3-1: SINGLE (Line Drive, 7S, EV 103.8 MPH) John Moore to second
|
Batting: LHB Guadalupe Gonzalez
|
0-0: Fly out, F8 (Flyball, 8LD, EV 97.5 MPH)
|
Batting: RHB Domingas Saragoa
|
0-0: Grounds into double play, 4-6-3 (Groundball, 4M, EV 77.5 MPH)
|
Top of the 2nd over - 0 runs, 1 hit, 0 errors, 1 left on base; Greeneville 0 - Baltimore (APP) 1 |
BOTTOM OF THE 2ND |
Baltimore (APP) Orioles batting - Pitching for Greeneville Astros : RHP James Browning
|
Batting: RHB C.J. Wells
|
0-0: Ball 1-0: Called Strike 1-1: Ball 2-1: Foul Ball, location: 2F 2-2: Foul Ball, location: 2F 2-2: Foul Ball, location: 2F 2-2: Strikes out swinging
|
Batting: RHB Dou-wan Pan
|
0-0: Ball 1-0: Fly out, F3 (Popup, 23F, EV 84.4 MPH)
|
Batting: RHB Han Caspers
|
0-0: Ball 1-0: Ground out 6-3 (Groundball, 6, EV 87.5 MPH)
|
Bottom of the 2nd over - 0 runs, 0 hits, 0 errors, 0 left on base; Greeneville 0 - Baltimore (APP) 1 |
TOP OF THE 3RD |
Greeneville Astros batting - Pitching for Baltimore (APP) Orioles : RHP Bob Bychyk
|
Batting: LHB Gong Tow
|
0-0: Called Strike 0-1: Ball 1-1: Called Strike 1-2: Ball 2-2: Foul Ball, location: 2F 2-2: Strikes out swinging
|
Batting: RHB Devon Healy
|
0-0: Fly out, F8 (Flyball, 89M, EV 90.6 MPH)
|
Batting: RHB Jarno van Lente
|
0-0: Foul Ball, location: 2F 0-1: Ball 1-1: Ball 2-1: Swinging Strike 2-2: Ball 3-2: Base on Balls
|
Batting: RHB Keith Goodwin
|
0-0: Called Strike 0-1: Ball Jarno van Lente is caught stealing 2nd base 2-4
|
Top of the 3rd over - 0 runs, 0 hits, 0 errors, 0 left on base; Greeneville 0 - Baltimore (APP) 1 |
BOTTOM OF THE 3RD |
Baltimore (APP) Orioles batting - Pitching for Greeneville Astros : RHP James Browning
|
Batting: LHB Edwin Cabral
|
0-0: Called Strike 0-1: Ball 1-1: Swinging Strike 1-2: Foul Ball, location: 2F 1-2: Foul Ball, location: 2F 1-2: Ground out 6-3 (Groundball, 6, EV 77.5 MPH)
|
Batting: LHB Ivan Alvarez
|
0-0: Called Strike 0-1: Foul Ball, location: 2F 0-2: Foul Ball, location: 2F 0-2: Ground out 4-3 (Groundball, 4, EV 80.6 MPH)
|
Batting: RHB Ruben Domingues
|
0-0: Ball 1-0: Called Strike 1-1: Ball 2-1: Ball 3-1: Called Strike 3-2: Strikes out swinging
|
Bottom of the 3rd over - 0 runs, 0 hits, 0 errors, 0 left on base; Greeneville 0 - Baltimore (APP) 1 |
TOP OF THE 4TH |
Greeneville Astros batting - Pitching for Baltimore (APP) Orioles : RHP Bob Bychyk
|
Batting: RHB Keith Goodwin
|
0-0: Ball 1-0: Ball 2-0: SINGLE (Line Drive, 6M, EV 99.4 MPH)
|
Batting: RHB Hugo Priego
|
0-0: Foul Ball, location: 2F 0-1: Ball 1-1: Ball 2-1: Fly out, F1 (Popup, P, EV 82.5 MPH)
|
Batting: RHB John Moore
|
0-0: Called Strike 0-1: Ball 1-1: Foul Ball, location: 2F 1-2: Ball 2-2: Strikes out swinging
|
Batting: LHB Ryan Fridley
|
0-0: Ball 1-0: Ball Keith Goodwin steals 2nd base 2-0: Ball 3-0: Called Strike 3-1: Foul Ball, location: 2F 3-2: Foul Ball, location: 2F 3-2: Strikes out looking
|
Top of the 4th over - 0 runs, 1 hit, 0 errors, 1 left on base; Greeneville 0 - Baltimore (APP) 1 |
BOTTOM OF THE 4TH |
Baltimore (APP) Orioles batting - Pitching for Greeneville Astros : RHP James Browning
|
Batting: RHB Minoru Matsumoto
|
0-0: Ball 1-0: Called Strike 1-1: Ball 2-1: Fly out, F7 (Flyball, 78S, EV 85.6 MPH)
|
Batting: LHB Jeremy Nuzzo
|
0-0: Called Strike 0-1: Ball 1-1: Swinging Strike 1-2: Ball 2-2: Foul Ball, location: 2F 2-2: Ground out 6-3 (Groundball, 6, EV 90.0 MPH)
|
Batting: SHB Eric Kelley
|
0-0: Fly out, F8 (Flyball, 8LD, EV 101.2 MPH)
|
Bottom of the 4th over - 0 runs, 0 hits, 0 errors, 0 left on base; Greeneville 0 - Baltimore (APP) 1 |
TOP OF THE 5TH |
Greeneville Astros batting - Pitching for Baltimore (APP) Orioles : RHP Bob Bychyk
|
Batting: LHB Guadalupe Gonzalez
|
0-0: Ball 1-0: Ball 2-0: Called Strike 2-1: Swinging Strike 2-2: Ball 3-2: Fly out, F8 (Flyball, 8RD, EV 94.4 MPH)
|
Batting: RHB Domingas Saragoa
|
0-0: Called Strike 0-1: Ball 1-1: Ball 2-1: Ball 3-1: Foul Ball, location: 2F 3-2: Strikes out looking
|
Batting: LHB Gong Tow
|
0-0: SOLO HOME RUN (Flyball, 9LD, EV 98.8 MPH), Distance : 363 ft
|
Batting: RHB Devon Healy
|
0-0: Ground out 5-3 (Groundball, 56, EV 92.5 MPH)
|
Top of the 5th over - 1 run, 1 hit, 0 errors, 0 left on base; Greeneville 1 - Baltimore (APP) 1 |
BOTTOM OF THE 5TH |
Baltimore (APP) Orioles batting - Pitching for Greeneville Astros : RHP James Browning
|
Batting: RHB C.J. Wells
|
0-0: Ball 1-0: Called Strike 1-1: DOUBLE (Line Drive, 8LXD, EV 101.9 MPH)
|
Batting: RHB Dou-wan Pan
|
0-0: Foul Ball, location: 2F 0-1: Ball 1-1: Ball 2-1: Ball 3-1: Base on Balls
|
Batting: RHB Han Caspers
|
0-0: Ball 1-0: Ball C.J. Wells steals 3rd base 2-0: Ball 3-0: Called Strike 3-1: Called Strike 3-2: SINGLE (Line Drive, 8RS, EV 94.4 MPH) C.J. Wells scores Dou-wan Pan to second
|
Batting: LHB Edwin Cabral
|
0-0: Ball 1-0: Ball 2-0: Foul Ball, location: 2F 2-1: Swinging Strike 2-2: Ball 3-2: Foul Ball, location: 2F 3-2: Foul Ball, location: 2F 3-2: Foul Ball, location: 2F 3-2: SINGLE (Groundball, 34D, EV 98.8 MPH) Dou-wan Pan to third Han Caspers to second
|
Pitching: RHP Kuaika Anakala
|
|
Batting: LHB Ivan Alvarez
|
0-0: Called Strike 0-1: Foul Ball, location: 2F 0-2: Foul Ball, location: 2F 0-2: Foul Ball, location: 2F 0-2: SINGLE (Groundball, 6M, EV 78.1 MPH) (infield hit) Dou-wan Pan scores Han Caspers to third Edwin Cabral to second
|
Batting: RHB Ruben Domingues
|
0-0: Ball 1-0: Ball 2-0: Foul Ball, location: 2F 2-1: SINGLE (Groundball, 6MD, EV 94.4 MPH) Han Caspers scores Edwin Cabral to third Ivan Alvarez to second
|
Batting: RHB Minoru Matsumoto
|
0-0: Ball 1-0: Called Strike 1-1: Foul Ball, location: 2F 1-2: Foul Ball, location: 2F 1-2: Foul Ball, location: 2F 1-2: GRAND SLAM HOME RUN (Flyball, 7D, EV 99.4 MPH), Distance : 396 ft
|
Batting: LHB Jeremy Nuzzo
|
0-0: Ball 1-0: Foul Ball, location: 2F 1-1: Foul Ball, location: 2F 1-2: Strikes out swinging
|
Batting: SHB Eric Kelley
|
0-0: Ball 1-0: Ball 2-0: Ground out 6-3 (Groundball, 6, EV 90.6 MPH)
|
Batting: RHB C.J. Wells
|
0-0: Ball 1-0: DOUBLE (Line Drive, 9LD, EV 100.6 MPH)
|
Batting: RHB Dou-wan Pan
|
0-0: Ball Wild Pitch! C.J. Wells to third 1-0: Called Strike 1-1: Fly out, F8 (Flyball, 8LD, EV 99.4 MPH)
|
Bottom of the 5th over - 7 runs, 7 hits, 0 errors, 1 left on base; Greeneville 1 - Baltimore (APP) 8 |
TOP OF THE 6TH |
Greeneville Astros batting - Pitching for Baltimore (APP) Orioles : RHP Bob Bychyk
|
Batting: RHB Jarno van Lente
|
0-0: Ball 1-0: Ball 2-0: Ball 3-0: Called Strike 3-1: Base on Balls
|
Batting: RHB Keith Goodwin
|
0-0: Called Strike 0-1: Swinging Strike 0-2: Foul Ball, location: 2F 0-2: Ball 1-2: Foul Ball, location: 2F 1-2: Ball 2-2: Foul Ball, location: 2F 2-2: Grounds into double play, 4-6-3 (Groundball, 34, EV 108.8 MPH)
|
Batting: RHB Hugo Priego
|
0-0: Called Strike 0-1: Foul Ball, location: 2F 0-2: Ball 1-2: Foul Ball, location: 2F 1-2: Ball 2-2: Ground out 3-1 (Groundball, 34, EV 79.4 MPH)
|
Top of the 6th over - 0 runs, 0 hits, 0 errors, 0 left on base; Greeneville 1 - Baltimore (APP) 8 |
BOTTOM OF THE 6TH |
Baltimore (APP) Orioles batting - Pitching for Greeneville Astros : RHP Kuaika Anakala
|
Pitching: RHP Vinny Salazar
|
|
Batting: RHB Han Caspers
|
0-0: Ball 1-0: Ball 2-0: Foul Ball, location: 2F 2-1: Ball 3-1: Called Strike 3-2: Base on Balls
|
Batting: LHB Edwin Cabral
|
0-0: SINGLE (Groundball, 6MD, EV 108.1 MPH) Han Caspers to second
|
Batting: LHB Ivan Alvarez
|
0-0: Ball 1-0: Called Strike 1-1: Fly out, F7 (Flyball, 78D, EV 90.0 MPH)
|
Batting: RHB Ruben Domingues
|
0-0: Ball 1-0: Foul Ball, location: 2F 1-1: Fly out, F8 (Flyball, 8RXD, EV 100.6 MPH) Runner from 2nd tags up, SAFE at 3rd, no throw by CF
|
Batting: RHB Minoru Matsumoto
|
0-0: Fly out, F8 (Flyball, 8RM, EV 91.2 MPH)
|
Bottom of the 6th over - 0 runs, 1 hit, 0 errors, 2 left on base; Greeneville 1 - Baltimore (APP) 8 |
TOP OF THE 7TH |
Greeneville Astros batting - Pitching for Baltimore (APP) Orioles : RHP Bob Bychyk
|
Batting: RHB John Moore
|
0-0: Ball 1-0: Swinging Strike 1-1: Foul Ball, location: 2F 1-2: Foul Ball, location: 2F 1-2: Ball 2-2: Ball 3-2: Base on Balls
|
Pitching: RHP Dave Shenton
|
|
Batting: LHB Ryan Fridley
|
0-0: Ball 1-0: Ball John Moore steals 2nd base (no throw) 2-0: Foul Ball, location: 2F 2-1: Swinging Strike 2-2: Ball 3-2: Foul Ball, location: 2F 3-2: Foul Ball, location: 2F 3-2: Base on Balls
|
Batting: LHB Guadalupe Gonzalez
|
0-0: Ball 1-0: Foul Ball, location: 2F 1-1: Ball 2-1: Swinging Strike 2-2: Ball 3-2: Foul Ball, location: 2F 3-2: Strikes out swinging
|
Batting: RHB Domingas Saragoa
|
0-0: Ball 1-0: Ball 2-0: Ball 3-0: Base on Balls John Moore to third Ryan Fridley to second
|
Batting: LHB Gong Tow
|
0-0: Called Strike 0-1: Called Strike 0-2: Ball 1-2: Strikes out looking
|
Batting: RHB Devon Healy
|
0-0: Called Strike 0-1: Ball 1-1: Foul Ball, location: 2F 1-2: Foul Ball, location: 2F 1-2: Ball 2-2: Strikes out swinging
|
Top of the 7th over - 0 runs, 0 hits, 0 errors, 3 left on base; Greeneville 1 - Baltimore (APP) 8 |
BOTTOM OF THE 7TH |
Baltimore (APP) Orioles batting - Pitching for Greeneville Astros : RHP Vinny Salazar
|
Batting: LHB Jeremy Nuzzo
|
0-0: Ball 1-0: Ball 2-0: Called Strike 2-1: Ball 3-1: Base on Balls
|
Pitching: LHP Joey Callanta
|
|
Batting: SHB Eric Kelley
|
0-0: Foul Ball, location: 2F 0-1: Called Strike 0-2: Strikes out swinging
|
Batting: RHB C.J. Wells
|
0-0: Ball 1-0: Called Strike 1-1: Foul Ball, location: 2F 1-2: Ball 2-2: Ball 3-2: Base on Balls Jeremy Nuzzo to second
|
Batting: RHB Dou-wan Pan
|
0-0: Called Strike 0-1: Foul Ball, location: 2F 0-2: Strikes out swinging
|
Batting: RHB Han Caspers
|
0-0: Ball 1-0: Reached on error, E6 (Groundball, 6, EV 97.5 MPH) Jeremy Nuzzo to third C.J. Wells to second
|
Batting: LHB Edwin Cabral
|
0-0: Foul Ball, location: 2F 0-1: Ball 1-1: Swinging Strike 1-2: Foul Ball, location: 2F 1-2: Fielders Choice at 2nd, 6-4 (Groundball, 6, EV 85.0 MPH)
|
Bottom of the 7th over - 0 runs, 0 hits, 1 error, 3 left on base; Greeneville 1 - Baltimore (APP) 8 |
TOP OF THE 8TH |
Greeneville Astros batting - Pitching for Baltimore (APP) Orioles : RHP Dave Shenton
|
Batting: RHB Jarno van Lente
|
0-0: Ball 1-0: Foul Ball, location: 2F 1-1: Foul Ball, location: 2F 1-2: Ground out 6-3 (Groundball, 6, EV 82.5 MPH)
|
Batting: RHB Keith Goodwin
|
0-0: Called Strike 0-1: Swinging Strike 0-2: Foul Ball, location: 2F 0-2: Ball 1-2: Ball 2-2: Foul Ball, location: 2F 2-2: Foul Ball, location: 2F 2-2: Strikes out swinging
|
Batting: RHB Hugo Priego
|
0-0: Ball 1-0: Ball 2-0: Called Strike 2-1: Ball 3-1: Called Strike 3-2: Base on Balls
|
Pitching: RHP Zhao-jun Zong
|
|
Batting: RHB John Moore
|
0-0: Ball 1-0: Foul Ball, location: 2F 1-1: Swinging Strike 1-2: Strikes out swinging
|
Top of the 8th over - 0 runs, 0 hits, 0 errors, 1 left on base; Greeneville 1 - Baltimore (APP) 8 |
BOTTOM OF THE 8TH |
Baltimore (APP) Orioles batting - Pitching for Greeneville Astros : LHP Joey Callanta
|
Batting: LHB Ivan Alvarez
|
0-0: Foul Ball, location: 2F 0-1: Ball 1-1: Called Strike 1-2: Ball 2-2: Ball 3-2: Foul Ball, location: 2F 3-2: Base on Balls
|
Batting: RHB Ruben Domingues
|
0-0: Ball 1-0: Ball 2-0: Swinging Strike 2-1: Ball 3-1: Base on Balls Ivan Alvarez to second
|
Batting: RHB Minoru Matsumoto
|
0-0: Ball 1-0: Swinging Strike 1-1: Foul Ball, location: 2F 1-2: 3-RUN HOME RUN (Flyball, 7D, EV 105.0 MPH), Distance : 394 ft
|
Batting: LHB Jeremy Nuzzo
|
0-0: Ball 1-0: Called Strike 1-1: Foul Ball, location: 2F 1-2: SINGLE (Groundball, 4D, EV 100.0 MPH)
|
Batting: SHB Eric Kelley
|
0-0: Ball 1-0: Foul Ball, location: 2F 1-1: 2-RUN HOME RUN (Flyball, 7D, EV 94.4 MPH), Distance : 385 ft
|
Pitching: LHP Jim Leeman
|
|
Batting: RHB C.J. Wells
|
0-0: Called Strike 0-1: DOUBLE (Line Drive, 3D, EV 93.8 MPH)
|
Batting: RHB Dou-wan Pan
|
0-0: Ball 1-0: Foul Ball, location: 2F 1-1: Ground out 6-3 (Groundball, 6, EV 87.5 MPH)
|
Batting: RHB Han Caspers
|
0-0: Called Strike 0-1: Ball 1-1: Called Strike 1-2: Strikes out swinging
|
Batting: LHB Edwin Cabral
|
0-0: Ball 1-0: Swinging Strike 1-1: Foul Ball, location: 2F 1-2: Ground out 5-3 (Groundball, 5, EV 81.2 MPH)
|
Bottom of the 8th over - 5 runs, 4 hits, 0 errors, 1 left on base; Greeneville 1 - Baltimore (APP) 13 |
TOP OF THE 9TH |
Greeneville Astros batting - Pitching for Baltimore (APP) Orioles : RHP Zhao-jun Zong
|
Batting: LHB Ryan Fridley
|
0-0: Foul Ball, location: 2F 0-1: Called Strike 0-2: Ball 1-2: Ball 2-2: Foul Ball, location: 2F 2-2: Ball 3-2: Strikes out swinging
|
Batting: LHB Guadalupe Gonzalez
|
0-0: Ball 1-0: Swinging Strike 1-1: Foul Ball, location: 2F 1-2: Fly out, F3 (Popup, 3F, EV 66.2 MPH)
|
Batting: RHB Domingas Saragoa
|
0-0: Foul Ball, location: 2F 0-1: Foul Ball, location: 2F 0-2: Strikes out looking
|
Top of the 9th over - 0 runs, 0 hits, 0 errors, 0 left on base; Greeneville 1 - Baltimore (APP) 13 |
|